 Dungeon Crawl Stone Soup version 0.25-a0-663-gace7076 (webtiles) character file.

Game seed: 9714399126162363612, levelgen mode: deterministic

21 Charmandara the Sneak (level 2, -1/22 HPs)
             Began as a Naga Fire Elementalist on Mar 25, 2020.
             Slain by a jackal (2 damage)
             ... on level 1 of the Dungeon.
             The game lasted 00:01:42 (514 turns).

Charmandara the Sneak (Naga Fire Elementalist)       Turns: 514, Time: 00:01:43

Health: -1/22      AC:  1    Str: 10    XL:     2   Next: 83%
Magic:  1/5        EV: 10    Int: 15    God:
Gold:   24         SH:  0    Dex: 11    Spells: 4/5 levels left

rFire    . . .     SeeInvis +   e - +0 club
rCold    . . .     Gourm    .   (no shield)
rNeg     . . .     Faith    .   a - +0 robe
rPois    +         Spirit   .   (no helmet)
rElec    .         Reflect  .   (no cloak)
rCorr    .         Harm     .   (no gloves)
MR       .....                  (no barding)
Stlth    ++........             (no amulet)
HPRegen  0.07/turn              g - ring of flight (curse) {+Fly, !d}
MPRegen  0.09/turn              (no ring)

@: short of breath, very slightly contaminated, very slow
A: large, see invisible, deformed body, poison resistance, slowness 2, slow
metabolism 1, spit poison 1, AC +0
a: Spit Poison, Evoke Flight


You were on level 1 of the Dungeon.
You were not hungry.

You visited 1 branch of the dungeon, and saw 1 of its levels.

You collected 24 gold pieces.

Inventory:

Hand Weapons
 b - a cursed +0 club
   (You took it off a hobgoblin on level 1 of the Dungeon)
 e - a +0 club (weapon)
   (You took it off a hobgoblin on level 1 of the Dungeon)
Armour
 a - a +0 robe (worn)
Jewellery
 g - a cursed ring of flight (left hand) {+Fly, !d}
   (You found it on level 1 of the Dungeon)
Scrolls
 f - a scroll of identify
 i - a scroll of enchant armour
Comestibles
 c - a ration
 d - 6 chunks of flesh {@w0}


   Skills:
 - Level 1.5 Dodging
 - Level 3.0 Stealth
 - Level 2.0 Spellcasting
 + Level 2.7 Conjurations
 - Level 3.0 Fire Magic


You had 4 spell levels left.
You knew the following spells:

 Your Spells              Type           Power        Failure   Level  Hunger
a - Foxfire               Conj/Fire      ##..         7%          1    #......

Your spell library contained the following spells:

 Spells                   Type           Power        Failure   Level  Hunger
 Conjure Flame            Conj/Fire      ##......     21%         3    ###....
 Inner Flame              Hex/Fire       #.......     34%         3    ###....
 Sticky Flame             Conj/Fire      ##......     56%         4    #####..
 Fireball                 Conj/Fire      ##........   88%         5    ######.


Dungeon Overview and Level Annotations

Branches:
Dungeon (1/15)

Altars:


Innate Abilities, Weirdness & Mutations

You cannot wear boots.
Your serpentine skin is tough. (AC +0)
You have supernaturally acute eyesight. (SInv)
Armour fits poorly on your strangely shaped body.
Your system is resistant to poisons. (rPois)
You cover ground very slowly.
You have a slow metabolism.
You can spit poison.


Message History

You barely miss the jackal. The jackal closely misses you.
The jackal bites you but does no damage.
You closely miss the jackal. The jackal bites you.
The jackal closely misses you.
You take 1 damage, and have 19/22 hp.
You hit the jackal.
You kill the jackal!
There isn't anything here!
You now have 24 gold pieces (gained 6).
Things that are here:
a +0 dagger; a goblin corpse You butcher the goblin corpse.
d - 6 chunks of flesh {@w0} (gained 3)
Things that are here:
a +0 dagger; a goblin skeleton A jackal comes into view.
MP restored: 5 A jackal is nearby!
Unknown command.
A hobgoblin comes into view.
A jackal comes into view.
The jackal bites you.
You take 2 damage, and have 18/22 hp.
You conjure some foxfire!
The jackal barks!
The hobgoblin shouts!
The jackal bites you.
You take 1 damage, and have 17/22 hp.
You now have 4/5 mp.
Unknown command.
You closely miss the jackal.
The foxfire hits the jackal.
The jackal closely misses you. The jackal bites you.
You take 2 damage, and have 15/22 hp.
The foxfire hits the jackal but does no damage.
The jackal bites you.
You take 2 damage, and have 13/22 hp.
You hit the jackal. The jackal barely misses you. The jackal bites you.
The jackal closely misses you.
You take 2 damage, and have 11/22 hp.
There are no items here.
You conjure some foxfire!
The jackal bites you.
The foxfire hits the hobgoblin but does no damage.
The jackal bites you. The jackal closely misses you.
You take 2 damage, and have 9/22 hp.
You now have 3/5 mp.
Unknown command.
You closely miss the jackal.
The foxfire hits the jackal.
The jackal closely misses you. The jackal barely misses you.
The jackal closely misses you. The hobgoblin closely misses you.
The jackal barely misses you. The jackal misses you.
You conjure some foxfire!
The jackal bites you. x2
* * * LOW HITPOINT WARNING * * *
The jackal bites you.
* * * LOW HITPOINT WARNING * * *
You take 6 damage, and have 3/22 hp.
MASSIVE DAMAGE!!
You now have 2/5 mp.
The foxfire hits the jackal but does no damage.
The jackal bites you.
* * * LOW HITPOINT WARNING * * *
You take 1 damage, and have 2/22 hp.
Unknown command.
Okay, then.
Okay, then.
It was a potion of curing.
You feel better. The jackal misses you.
You regained 5 hp, and now have 7/22 hp.
You miscast Foxfire.
You are very lightly contaminated with residual magic.
Nothing appears to happen.
The jackal bites you but does no damage.
The jackal barely misses you.
The jackal bites you but does no damage.
You now have 2/5 mp.
You conjure some foxfire!
The jackal bites you.
* * * LOW HITPOINT WARNING * * *
The jackal bites you.
* * * LOW HITPOINT WARNING * * *
Unknown command.
You take 4 damage, and have 3/22 hp.
You now have 1/5 mp.
Unknown command.
Aim: a jackal (almost dead)
Okay, then.
The foxfire hits the jackal.
You kill the jackal!
A bat comes into view.
The jackal closely misses you.
The bat moves out of view.
Aim: a jackal The splash of poison misses the jackal.
You feel slightly more hungry. The jackal bites you.
* * * LOW HITPOINT WARNING * * *
You take 1 damage, and have 2/22 hp.
Unknown command.
You aren't carrying any potions.
Unknown command.
Unknown command.
Okay, then.
As you read the scroll labeled DAIZEA DONAI, it crumbles to dust.
It is a scroll of identify.
i - a scroll of enchant armour The jackal bites you.
* * * LOW HITPOINT WARNING * * *
The jackal bites you.
You die...

#. #.# ######
##...#..@.#
.....#.##h##
......b.g.†.#
......#..#..####
......#........#
..... #.)##....#
####### .....
#........#
#.....# ....
#...###..#
#.....# ....
#........#
#.....#


You could see a jackal and a bat.

Vanquished Creatures
  A dart slug (D:1)
  A leopard gecko (D:1)
  3 goblins (D:1)
  2 hobgoblins (D:1)
  2 jackals (D:1)
  3 frilled lizards (D:1)
  A kobold (D:1)
  5 rats (D:1)
18 creatures vanquished.

Vanquished Creatures (others)
  25 foxfires (D:1)
25 creatures vanquished.

Grand Total: 43 creatures vanquished

Notes
Turn   | Place    | Note
-------+----------+-------------------------------------------
     0 | D:1      | Charmandara the Naga Fire Elementalist began the quest for
                  | the Orb.
     0 | D:1      | Reached XP level 1. HP: 15/15 MP: 3/3
    46 | D:1      | Reached skill level 2 in Conjurations
    46 | D:1      | Reached XP level 2. HP: 22/22 MP: 0/5
   507 | D:1      | HP: 5/22 [jackal (3)]
   508 | D:1      | HP: 2/22 [jackal (1)]
   513 | D:1      | HP: 2/22 [jackal (1)]
   514 | D:1      | Slain by a jackal

Levels and vault maps discovered:
D:1:      dpeg_arrival_ratfight, layout_basic, kennysheep_pointless_box,
          chequers_serial_rivers_micro_b

Skill      XL: |  1 |
---------------+----+-----
Conjurations   | 2 |  2.7
Dodging        | |  1.5
Stealth        | |  3.0
Spellcasting   | |  2.0
Fire Magic     | |  3.0

Action                   || total
-------------------------++-------
Melee: Club              ||    24
 Cast: Foxfire           ||    17
 Abil: Spit Poison       ||     7
  Use: Scroll            ||     1
       Potion            ||     1
Armor: Robe              ||     6
Dodge: Dodged            ||    28

Table legend:
 A = Non-vault XP
 B = Vault XP
 C = Vault XP percentage of total XP
 D = Non-vault monster count
 E = Vault monster count
 F = Vault count percentage of total count
                 A         B        C        D         E       F
            +---------+---------+-------+---------+---------+-------
      Total |      30 |       0 |   0.0 |      18 |       0 |   0.0
            +---------+---------+-------+---------+---------+-------
        D:1 |      30 |       0 |   0.0 |      18 |       0 |   0.0
            +---------+---------+-------+---------+---------+-------

Levels and vault maps discovered:
D:1:      dpeg_arrival_ratfight, layout_basic, kennysheep_pointless_box,
          chequers_serial_rivers_micro_b

Table legend:
 A = Turns spent in this place as a percentage of turns spent in the entire game.
 B = Non-inter-level travel turns spent in this place as a percentage of non-inter-level travel turns spent in the entire game.
 C = Inter-level travel turns spent in this place as a percentage of turns spent in this place.
 D = Turns resting spent in this place as a percentage of non-inter-level travel turns spent in this place.
 E = Turns spent auto-exploring this place as a percentage of non-inter-level travel turns spent in this place.
 F = Non-inter-level travel turns spent in this place divided by the number of levels of this place that you've seen.
                   A       B       C       D       E      F
               +-------+-------+-------+-------+-------+----------------------
         Total | 100.0 | 100.0 |   0.0 |  36.6 |  33.5 | 514.0
       Dungeon | 100.0 | 100.0 |   0.0 |  36.6 |  33.5 | 514.0
               +-------+-------+-------+-------+-------+----------------------

Table legend:
 A = Kills in this place as a percentage of kills in entire the game.
 B = Kills by you in this place as a percentage of kills by you in the entire game.
 C = Kills by friends in this place as a percentage of kills by friends in the entire game.
 D = Other kills in this place as a percentage of other kills in the entire game.
 E = Experience gained in this place as a percentage of experience gained in the entire game.
 F = Experience gained in this place divided by the number of levels of this place that you have seen.
                   A       B       C       D       E      F
               +-------+-------+-------+-------+-------+----------------------
         Total | 100.0 | 100.0 |   N/A |   N/A | 100.0 |  30.0
       Dungeon | 100.0 | 100.0 |   N/A |   N/A | 100.0 |  30.0
               +-------+-------+-------+-------+-------+----------------------
